 Dungeon Crawl Stone Soup version 0.19-a0 (webtiles) character file.

0 st0uf the Skirmisher (level 1, 0/18 HPs)
             Began as a Formicid Abyssal Knight on Apr 27, 2016.
             Was a Follower of Lugonu.
             Slain by a sixfirhy (8 damage)
             ... on level 4 of the Abyss.
             The game lasted 00:02:04 (158 turns).

st0uf the Skirmisher (Formicid Abyssal Knight)       Turns: 158, Time: 00:02:04

Health: 0/18       AC:  3    Str: 16    XL:     1   Next: 0%
Magic:  2/2        EV: 11    Int: 11    God:    Lugonu [*.....]
Gold:   26         SH:  0    Dex: 10    Spells: 0 memorised, 0 levels left

rFire  . . .     SeeInvis +     a - +1 falchion
rCold  . . .     Gourm    .     b - +0 leather armour
rNeg   . . .     Faith    .     (no shield)
rPois  .         Spirit   .     (helmet unavailable)
rElec  .         Dismiss  .     (no cloak)
rCorr  .         Reflect  .     (no gloves)
SustAt .         Harm     .     (no boots)
MR     .....                    (no amulet)
Stlth  +.........               (no ring)
                                (no ring)

@: not resistant to hostile enchantments, very unstealthy
A: permanent stasis, dig shafts and tunnels, four strong arms, antennae 3
a: Dig, Shaft Self, Depart the Abyss, Renounce Religion


You were on level 4 of the Abyss.
You worshipped Lugonu.
Lugonu was aware of your devotion.
You were not hungry.

You visited 0 branches of the dungeon, and saw 0 of its levels.
You visited the Abyss 1 time.

You collected 26 gold pieces.

Inventory:

Hand Weapons
 a - a +1 falchion (weapon)
Armour
 b - a +0 leather armour (worn)
 e - a +0 chain mail
Wands
 f - a wand of acid (3/15)
Scrolls
 d - a scroll of identify {unknown}
Books
 g - a book of Necromancy

   Spells                             Type                      Level
   a - Pain                           Necromancy                   1
   b - Animate Skeleton               Necromancy                   1
   c - Vampiric Draining              Necromancy                   3
   d - Regeneration                   Charms/Necromancy            3
   e - Animate Dead                   Necromancy                   4
   f - Control Undead                 Necromancy                   4
Comestibles
 c - a bread ration


   Skills:
 + Level 3.2 Fighting
 + Level 2.0 Long Blades
 + Level 2.1 Armour
 + Level 0.8 Dodging
 + Level 2.1 Invocations


You couldn't memorise any spells.
You didn't know any spells.

Dungeon Overview and Level Annotations

Branches:
Dungeon (0/15)

Altars:


Innate Abilities, Weirdness & Mutations

You are under a permanent stasis effect.
You can dig through walls and to a lower floor.
Your four strong arms can wield two-handed weapons with a shield.
You have a pair of large antennae on your head (SInv).


Message History

Found a gateway leading deeper into the Abyss.
Found an amethyst potion and a glowing mace.
Found 47 gold pieces.
You open the door.
Found a fuming yellow potion.
A wretched star comes into view.
Found an iron wand.
f - a wand of acid
Found a metal-bound book.
g - a book of Necromancy You are suddenly pulled into a different region of the Abyss!
A smoke demon comes into view.
The smoke demon roars! 2 drowned souls come into view.
A small abomination comes into view.
A sixfirhy comes into view.
The sixfirhy hits you!
Ouch! That really hurt!
The sixfirhy shocks you!
You die...

# #. ..##.##
#......####
.......@#x####
.#..##.4.#.#.##
#..##{...#### #
#.#...#..##.......
#..###.....#.....
#.#.##..... #...#
..... ...##.#... .
...##. #..##.....
. ## ##4#...
.......


You could see a sixfirhy.

Vanquished Creatures (others)
  4 starspawn tentacles (Abyss:3)
  90 starspawn tentacle segments (Abyss:3)
94 creatures vanquished.

Notes
Turn   | Place    | Note
--------------------------------------------------------------
     0 | Abyss:1  | st0uf the Formicid Abyssal Knight began the quest for the Orb.
     0 | Abyss:1  | Reached XP level 1. HP: 18/18 MP: 2/2
    56 | Abyss:3  | Noticed a tentacled starspawn
    71 | Abyss:3  | Noticed a white very ugly thing
    73 | Abyss:3  | Noticed a white very ugly thing
    73 | Abyss:3  | Noticed a white very ugly thing
    87 | Abyss:4  | Noticed a wretched star
   127 | Abyss:4  | Noticed a smoke demon
   128 | Abyss:4  | Noticed a drowned soul
   128 | Abyss:4  | Noticed a drowned soul
   149 | Abyss:4  | Noticed a small abomination
   155 | Abyss:4  | Noticed a sixfirhy
   158 | Abyss:4  | Slain by a sixfirhy

Vault maps used:
Abyss:3:  evilmike_abyss_exit_16, evilmike_abyss_rune_tso_outpost
Abyss:4:  evilmike_abyss_exit_kraken, evilmike_abyss_exit_vortex,
          evilmike_abyss_rune_ettins

Action                   || total
-------------------------++-------
Dodge: Dodged            ||     4
